 Dungeon Crawl Stone Soup version 0.29-a0-378-gc08b2e8bf8 (webtiles) character file.

Game seed: 2058548371576463920

123 Antichthon the Shield-Bearer (level 5, -3/33 HPs)
             Began as a Gargoyle Fighter on May 5, 2022.
             Slain by Sigmund
             ... wielding a +0 scythe
              (9 damage)
             ... on level 3 of the Dungeon.
             The game lasted 00:03:40 (1976 turns).

Antichthon the Shield-Bearer (Gargoyle Fighter)     Turns: 1976, Time: 00:03:40

Health: -3/33      AC: 12    Str: 19    XL:     5   Next: 7%
Magic:  5/5        EV:  9    Int: 11    God:
Gold:   132        SH:  0    Dex:  9    Spells: 4/4 levels left

rFire   . . .      SeeInvis .   a - +0 flail
rCold   . . .      Faith    .   c - +0 buckler
rNeg    + . .      Spirit   .   b - +0 scale mail
rPois   ∞          Reflect  +   (no helmet)
rElec   +          Harm     .   (no cloak)
rCorr   .          Rampage  .   (no gloves)
Will    .....                   m - +0 pair of boots
Stlth   ..........              g - amulet of reflection
HPRegen 0.11/turn               (no ring)
MPRegen 0.09/turn               (no ring)

@: confused
A: sickness immunity, AC +4, negative energy resistance 1, electricity
resistance, torment resistance 1, petrification resistance
a: no special abilities


You were on level 3 of the Dungeon.
You visited 1 branch of the dungeon, and saw 3 of its levels.

You collected 132 gold pieces.

Inventory:

Hand Weapons
 a - a +0 flail (weapon)
Armour
 b - a +0 scale mail (worn)
 c - a +0 buckler (worn)
 m - a +0 pair of boots (worn)
Jewellery
 g - an amulet of reflection (around neck)
Wands
 j - a wand of iceblast (9)
Scrolls
 i - a scroll of vulnerability
Potions
 d - a potion of might
 e - a potion of brilliance
 f - a potion of cancellation {unknown}
 h - 2 potions of attraction
 k - a potion of haste
 l - a potion of berserk rage


   Skills:
 * Level 3.8 Fighting
 * Level 3.3 Maces & Flails
 * Level 3.8 Armour
 * Level 0.8 Dodging
 * Level 3.9 Shields
 * Level 1.2 Invocations


You had 4 spell levels left.
You didn't know any spells.
Your spell library contained the following spells:

 Spells                   Type           Power      Damage    Failure   Level
 Beastly Appendage        Tmut           0%         N/A       80%         1
 Wereblood                Tmut           0%         N/A       90%         2
 Spider Form              Tmut/Pois      0%         N/A       99%         3
 Tukima's Dance           Hex            0%         N/A       99%         3
 Anguish                  Hex/Necr       0%         N/A       100%        4
 Enfeeble                 Hex            0%         N/A       100%        7


Dungeon Overview and Level Annotations

Branches:
Dungeon (3/15)

Altars:

Shops:
D:2 *

Annotations:
D:3 Sigmund


Innate Abilities, Weirdness & Mutations

You are immune to sickness and miasma.
Your stone body is resilient. (AC +4)
You are immune to poison.
You resist negative energy. (rN+)
You are resistant to electric shocks. (rElec)
You are resistant to unholy torment.
You are immune to petrification.


Message History

Unknown command.
You thump Natasha!
You kill Natasha!
Natasha screams in fury as she dies!
The iron imp disappears in a puff of smoke!
The crimson imp disappears in a puff of smoke!
The shadow imp disappears in a puff of smoke!
You have reached level 5!
You feel yourself speed up.
HP restored.
There is an open door here.
You now have 120 gold pieces (gained 7).
You open the door.
There is an open door here.
Sigmund the Dreaded comes into view.
He is wielding a +0 scythe and wearing a +1 robe of fire resistance.
Sigmund shouts!
Sigmund is nearby!
You see here 12 gold pieces.
You now have 132 gold pieces (gained 12).
Sigmund mumbles some strange words.
Sigmund flickers and vanishes!
Deactivating autopickup; reactivate with Ctrl-A.
Something hits you! Something hits you but does no damage.
You barely miss something. You closely miss something. Something hits you.
You closely miss something. Something hits you but does no damage.
You miss something. Something hits you.
You closely miss something.
You hear some strange, mumbled words.
A puff of flame appears from out of thin air!
The puff of flame hits you.
You hit something but do no damage. You block something's attack.
You closely miss something.
You hear some strange, mumbled words.
You are confused.
You closely miss something. Something hits you.
* * * LOW HITPOINT WARNING * * *
You bump into the rock wall.
Something hits you!
You die...

#....# ###.## ### #.#
#.. ##'## #.# ##...##
#.# #.(...## #.#
.......######.#####
........#.........###...
........'.......@{......
........#.##...##.###.##
.......##.###.## .#
#.....###.# #.# .#
##...## #.# #.# .#
...... #.# #.# .# ..#.##
#.. ... .# #.#. ## ##


There were no monsters in sight!

Vanquished Creatures
  Natasha (D:3)
  6 adders
  2 worms (D:2)
  2 dart slugs (D:1)
  2 ball pythons (D:1)
  5 endoplasms
  2 giant cockroaches
  3 goblins
  4 hobgoblins
  5 kobolds
  A quokka (D:2)
  A bat (D:1)
  A rat (D:2)
35 creatures vanquished.

Notes
Turn   | Place    | Note
-------+----------+-------------------------------------------
     0 | D:1      | Antichthon the Gargoyle Fighter began the quest for the
                  | Orb.
     0 | D:1      | Reached XP level 1. HP: 14/14 MP: 1/1
   176 | D:1      | Reached XP level 2. HP: 18/19 MP: 2/2
   655 | D:1      | Found a faded altar of an unknown god.
   981 | D:2      | Reached XP level 3. HP: 23/23 MP: 3/3
  1350 | D:2      | Reached XP level 4. HP: 22/29 MP: 4/4
  1429 | D:2      | Found Utuos's General Store.
  1458 | D:2      | Reached skill level 1 in Invocations
  1844 | D:3      | Noticed Natasha
  1862 | D:3      | Killed Natasha
  1863 | D:3      | Reached XP level 5. HP: 22/33 MP: 5/5
  1962 | D:3      | Noticed Sigmund
  1976 | D:3      | Slain by Sigmund

Illustrated notes

Levels and vault maps discovered:
D:1:      shiori_arrival_oz, layout_loops_corners,
          chequers_ecumenical_altar_simple, chequers_jeans
D:2:      layout_loops_cross, serial_shops, nicolae_shop_hallway_stairs
D:3:      layout_loops_corners, gammafunk_ghost_split, uniq_natasha,
          uniq_sigmund

Skill      XL: |  1  2  3  4 |
---------------+-------------+-----
Invocations    | 1 |  1.2
Maces & Flails | 3 |  3.3
Fighting       | |  3.8
Armour         | |  3.8
Dodging        | |  0.8
Shields        | |  3.9

Action                   |  1- 3 |  4- 6 || total
-------------------------+-------+-------++-------
Melee: Flail             |    85 |    44 ||   129
  Use: Scroll            |     8 |       ||     8
Armor: Scale mail        |    40 |    17 ||    57
Dodge: Dodged            |    37 |    19 ||    56
Block: Buckler           |    38 |    20 ||    58
       Reflection        |     1 |       ||     1

Table legend: (Time is in decaauts)
 A = Elapsed time spent in this place.
 B = Non-inter-level travel time spent in this place.
 C = Inter-level travel time spent in this place.
 D = Time resting spent in this place.
 E = Time spent auto-exploring this place.
 F = Levels seen in this place.
 G = Mean time per level.
                   A        B        C        D        E       F      G
               +--------+--------+--------+--------+--------+-----+--------+
         Total |   2032 |   1980 |     52 |      0 |   1543 |   3 |  677.3 |
       Dungeon |   2032 |   1980 |     52 |      0 |   1543 |   3 |  677.3 |
               +--------+--------+--------+--------+--------+-----+--------+

Top non-repeatable levels by time:
     D:1: 987 daAuts
     D:2: 859 daAuts
     D:3: 185 daAuts
